[Event "Early-Titled-Tuesday-Blitz-December-26-2023"]
[Site "Chess.com"]
[Date "2023.12.26"]
[Round "5"]
[White "TanitoluwaAps116"]
[Black "IAgrest"]
[Result "1-0"]
[WhiteElo "2726"]
[BlackElo "2441"]
[TimeControl "180+1"]
[EndTime "8:54:39 PST"]
[Termination "TanitoluwaAps116 won by resignation"]

1. e4 e5 2. Nf3 Nc6 3. Bc4 Nf6 4. d3 h6 5. c3 d6 6. O-O g5 7.
Nbd2 Bg7 8. Bb3 O-O 9. Nc4 d5 10. Ncxe5 Nxe5 11. Nxe5 dxe4 12. dxe4 Qxd1 13. Rxd1 Nxe4 14.
Nxf7 Rxf7 15. Rd8+ Bf8 16. Be3 b6 17. Rad1 Bb7 18.
R8d7 Nd6 19. Rxc7 Be4 20. Rxd6 Bxd6 21. Rxf7 Bc2 22. Rxa7+ Bxb3 23. Rxa8+ 1-0

[Event "Early-Titled-Tuesday-Blitz-December-26-2023"]
[Site "Chess.com"]
[Date "2023.12.26"]
[Round "5"]
[White "ftorodent"]
[Black "tantaan"]
[Result "0-1"]
[WhiteElo "2608"]
[BlackElo "2483"]
[TimeControl "180+1"]
[EndTime "8:54:44 PST"]
[Termination "tantaan won by resignation"]

1. d4 Nf6 2. c4 e6 3. Nf3 Bb4+ 4. Bd2 Qe7 5. g3 Bxd2+ 6. Qxd2 Nc6 7. Nc3 d5 8. b3 O-O 9. Bg2 Rd8 10. cxd5 exd5 11. O-O Bg4 12. Rac1 Re8 13. e3 Rad8 14. Qb2 a6 15.
Na4 Na7 16. Ne5 Bf5 17. Nc5 c6 18. a4 Nc8 19. Nxa6 bxa6 20. Nxc6 Qb7 21. Nxd8 Rxd8 22. b4 Nd6 23. Rc5 Nfe4 24. Rc2 Nc4 25. Rxc4 dxc4 26. Qc2 Nd6 27. Qc3 Qd7 28. f3 Bd3 29. Ra1 Nf5 30. Kf2 Re8 31. Re1 Qxa4 32. e4 Nd6 33. Ra1 Qc6 34. Rc1 Nb5 35. Qxd3 cxd3 36. Rxc6 d2 0-1

[Event "Early-Titled-Tuesday-Blitz-December-26-2023"]
[Site "Chess.com"]
[Date "2023.12.26"]
[Round "5"]
[White "campochess"]
[Black "wild3000"]
[Result "1-0"]
[WhiteElo "2185"]
[BlackElo "2406"]
[TimeControl "180+1"]
[EndTime "8:54:45 PST"]
[Termination "campochess won by resignation"]

1. d4 d5 2. Bg5 c6 3. Nc3 Nd7 4. Nf3 Ngf6 5. e3 g6 6. Bd3 Bg7 7. h4 h6 8. Bf4 Qa5 9. Qd2 b5 10. Ne5 Nxe5 11. dxe5 Nh5 12. Bh2 b4 13. Ne2 Rb8 14.
Nd4 Bb7 15. e6 Rc8 16. exf7+ Kxf7 17. g4 Nf6 18. h5 Ne4 19. Bxe4 dxe4 20. hxg6+ Kxg6 21. a3 c5 22. Nf5 Bf6 23. O-O Qd8 24. Qe2 h5 25. axb4 hxg4 26. Qxg4+ Kf7 27. Bg3 a6 28. Rad1 Qg8 29. Qf4 Qg6 30. Rd7 Bc6 31. Nxe7 Ke8 32. Nxg6 1-0

[Event "Early-Titled-Tuesday-Blitz-December-26-2023"]
[Site "Chess.com"]
[Date "2023.12.26"]
[Round "5"]
[White "Yurasova_Daria"]
[Black "Ezov"]
[Result "1-0"]
[WhiteElo "2462"]
[BlackElo "2155"]
[TimeControl "180+1"]
[EndTime "8:54:47 PST"]
[Termination "Yurasova_Daria won by resignation"]

1. d4 d5 2. Nf3 c5 3. e3 Nc6 4.
Be2 Bf5 5. O-O e6 6. c4 dxc4 7. dxc5 Bxc5 8. Qxd8+ Rxd8 9. Nc3 Bd3 10. Bxd3 cxd3 11.
Bd2 Nf6 12. Rac1 Bb4 13. Rfd1 O-O 14. a3 Ba5 15. b4 Bb6 16. Na4 Nd5 17. e4 Nde7 18.
Nxb6 axb6 19. Be3 b5 20. Rc3 Ng6 21. Rcxd3 Rxd3 22. Rxd3 Rd8 23. Rxd8+ Nxd8 24. Nd4 Ne5 25. Nxb5 Nc4 26. Kf1 Kf8 27. Ke2 Ke8 28. Kd3 Ne5+ 29. Kc3 Kd7 30. h3 f6 31. f4 Nec6 32. Nd4 Ne7 33.
a4 Kd6 34. Nb5+ Kc6 35. Bc5 Nc8 36. Nd4+ Kd7 37. b5 e5 38. fxe5 fxe5 39. Nf3 Nf7 40.
a5 Ncd6 41. Bxd6 Kxd6 42. Kb4 Nd8 43. a6 bxa6 44. bxa6 Nc6+ 45. Kb5 Kc7 46. Kc5 g6 47.
Kd5 Kb6 48. Nxe5 Nb4+ 49. Kd6 Kxa6 50. Nc6 Nd3 51. e5 Nf4 52. e6 Nxe6 53. Kxe6 Kb6 54.
Ne5 1-0

[Event "Early-Titled-Tuesday-Blitz-December-26-2023"]
[Site "Chess.com"]
[Date "2023.12.26"]
[Round "5"]
[White "stratacticos"]
[Black "rachidhuilda"]
[Result "0-1"]
[WhiteElo "1852"]
[BlackElo "2348"]
[TimeControl "180+1"]
[EndTime "8:54:50 PST"]
[Termination "rachidhuilda won by resignation"]

1. e4 d5 2. d4 dxe4 3. Nc3 e5 4. d5 f5 5. g4 Nf6 6. gxf5 Bxf5 7. Bg5 Be7 8. Qd2 Nbd7 9. O-O-O O-O 10. f3 Nc5 11. Bxf6 Bxf6 12. Bg2 e3 13. Qe2 Bg5 14. h4 Bf4 15. Kb1 Kh8 16. Nh3 a6 17. Ng5 b5 18.
Bh3 b4 19. Bxf5 Rxf5 20. Nce4 Nxe4 21. fxe4 Rf6 22. Ne6 Qd6 23. h5 h6 24. Rdg1 Rf7 25.
Qg4 Qe7 26. Qg6 Qf6 27. Qxf6 gxf6 28. Rg6 Rg8 29. Rxh6+ Bxh6 0-1

[Event "Early-Titled-Tuesday-Blitz-December-26-2023"]
[Site "Chess.com"]
[Date "2023.12.26"]
[Round "5"]
[White "laskakid"]
[Black "C_K_G"]
[Result "1-0"]
[WhiteElo "2373"]
[BlackElo "2041"]
[TimeControl "180+1"]
[EndTime "8:54:51 PST"]
[Termination "laskakid won on time"]

1. d4 d5 2. c4 e6 3. Nc3 Nf6 4. cxd5 exd5 5. Bg5 Be7 6. e3 O-O 7. Bd3 b6 8. Bxf6 Bxf6 9. Qh5 h6 10. Qxd5 Bd7 11. Qxa8 Bc6 12. Qxa7 Bxg2 13. Be4 Nc6 14. Qa4 Nxd4 15. Bxg2 Nf5 16. Nge2 Bh4 17. Qf4 Qf6 18. O-O-O g5 19. Qf3 Qe5 20. Nd4 Nd6 21. Qd5 Qe8 22. Nf5 Nxf5 23. Qxf5 Qe7 24. Be4 1-0

[Event "Early-Titled-Tuesday-Blitz-December-26-2023"]
[Site "Chess.com"]
[Date "2023.12.26"]
[Round "5"]
[White "ilushka"]
[Black "Lion-Al-Messi"]
[Result "1-0"]
[WhiteElo "2470"]
[BlackElo "2612"]
[TimeControl "180+1"]
[EndTime "8:54:54 PST"]
[Termination "ilushka won by resignation"]

1. Nf3 Nf6 2. g3 b6 3. Bg2 Bb7 4. c4 c5 5. O-O g6 6. b3 Bg7 7. Bb2 O-O 8. d4 cxd4 9. Qxd4 Nc6 10. Qf4 Nh5 11. Qc1 Rc8 12. Bxg7 Nxg7 13. Rd1 d6 14. Nc3 Qc7 15. Qb2 Qb8 16. Nd5 Qa8 17. Nd4 Rfe8 18.
Nb5 Qb8 19. Rd2 Ne5 20. Nbc3 Nf5 21. Rad1 Bc6 22. Bh3 Bd7 23. f4 Nxg3 24. Bxd7 Nxd7 25. hxg3 e6 26. Ne3 Qc7 27. Ne4 Re7 28. Ng4 e5 29. fxe5 Nxe5 30. Ngf6+ Kg7 31. Nd5 Qc5+ 32. Nxc5 1-0

[Event "Early-Titled-Tuesday-Blitz-December-26-2023"]
[Site "Chess.com"]
[Date "2023.12.26"]
[Round "5"]
[White "Vaibhavraut99"]
[Black "MidnightFox"]
[Result "1-0"]
[WhiteElo "2659"]
[BlackElo "2492"]
[TimeControl "180+1"]
[EndTime "8:54:57 PST"]
[Termination "Vaibhavraut99 won on time"]

1. e4 e5 2. Nf3 Nc6 3. Bb5 a6 4.
Ba4 Nf6 5. O-O b5 6. Bb3 Bc5 7. d3 O-O 8. c3 d6 9. h3 h6 10. Nbd2 Bb7 11. a4 Bb6 12. Re1 Ne7 13. Nf1 Ng6 14.
Ng3 c6 15. Nf5 Ra7 16. Qd2 Bc8 17. Nxh6+ gxh6 18. Qxh6 d5 19. exd5 Bf5 20. Nxe5 Nxd5 21.
Bg5 Qd6 22. Ng4 Bxg4 23. hxg4 Bd8 24. axb5 cxb5 25. Qh5 Bxg5 26. Qxg5 Nf4 27. d4 Re7 28. Re3 Rxe3 29. fxe3 Ne6 30. Qf6 Qg3 31. Qf2 Qxg4 32.
Rxa6 Kg7 33. d5 Ng5 34. Qf6+ Kh6 35. d6 Ne4 36. Qf3 Qh4 37. d7 Rd8 38. Bxf7 Qe1+ 39. Kh2 Qh4+ 40. Qh3 Qxh3+ 41. gxh3 1-0

[Event "Early-Titled-Tuesday-Blitz-December-26-2023"]
[Site "Chess.com"]
[Date "2023.12.26"]
[Round "5"]
[White "Aradhya2000"]
[Black "sheldons73tshirt"]
[Result "1-0"]
[WhiteElo "2705"]
[BlackElo "2486"]
[TimeControl "180+1"]
[EndTime "8:55:00 PST"]
[Termination "Aradhya2000 won on time"]

1. d4 d5 2. c4 dxc4 3. e4 e5 4. Nf3 exd4 5. Bxc4 Nc6 6. O-O Be6 7. Bb5 Bc5 8. b4 Bb6 9. Bb2 Nf6 10. Nxd4 Bxd4 11.
Qxd4 O-O 12. Bxc6 bxc6 13. Qc3 Rb8 14. Nd2 Qe7 15. a3 Rfd8 16. Nf3 Bg4 17. Ne5 Bd7 18. Rfe1 Be8 19. Nxc6 Bxc6 20. Qxc6 Nh5 21. g3 Rd2 22. Bc3 Rc2 23. Rac1 Rxc1 24. Rxc1 Rd8 25. e5 Qg5 26. Rf1 Nf4 27. Qxc7 Ne2+ 28. Kg2 Nf4+ 29.
Kh1 Ne2 30. Qc4 Qh5 31. g4 Qh3 32. Qxe2 1-0

[Event "Early-Titled-Tuesday-Blitz-December-26-2023"]
[Site "Chess.com"]
[Date "2023.12.26"]
[Round "5"]
[White "BilodeauA"]
[Black "ProfessorChess101"]
[Result "1-0"]
[WhiteElo "2882"]
[BlackElo "2600"]
[TimeControl "180+1"]
[EndTime "8:55:05 PST"]
[Termination "BilodeauA won on time"]

1. e4 e5 2. Nf3 Nc6 3. Bc4 Nf6 4.
d3 Be7 5. Nc3 O-O 6. O-O d6 7.
a3 Bg4 8. h3 Be6 9. Nd5 Re8 10.
Re1 h6 11. c3 Bf8 12. b4 a6 13. a4 Bxd5 14. exd5 Ne7 15. Qb3 Qd7 16. a5 Ng6 17.
Be3 c6 18. d4 e4 19. Nd2 Re7 20. dxc6 bxc6 21. d5 cxd5 22. Bxd5 Nxd5 23. Qxd5 Rae8 24.
c4 Re5 25. Qd4 Qf5 26. Nf1 Nh4 27. Ng3 Qg6 28. Bf4 R5e6 29. b5 axb5 30. cxb5 Rf6 31. Qe3 d5 32. Red1 Rd8 33. a6 d4 34. Rxd4 Rxd4 35.
Qxd4 Rxf4 36. a7 1-0

[Event "Early-Titled-Tuesday-Blitz-December-26-2023"]
[Site "Chess.com"]
[Date "2023.12.26"]
[Round "5"]
[White "LeoWin2012"]
[Black "jlmanzanares"]
[Result "1-0"]
[WhiteElo "2229"]
[BlackElo "1994"]
[TimeControl "180+1"]
[EndTime "8:55:07 PST"]
[Termination "LeoWin2012 won by checkmate"]

1. e4 c5 2. Nf3 d6 3. Bb5+ Bd7 4. Bxd7+ Nxd7 5. O-O g6 6. c3 Bg7 7. d4 cxd4 8. cxd4 Ngf6 9. Nc3 O-O 10. h3 a6 11.
Bf4 Rc8 12. e5 Nh5 13. Bh2 dxe5 14. dxe5 e6 15. Qd2 Nc5 16. Rad1 Qxd2 17. Rxd2 Bh6 18. Rd6 Nf4 19. Rfd1 b5 20. R1d4 Nb7 21. Bxf4 Bxf4 22. Rxf4 b4 23. Rxb4 Nxd6 24. exd6 Rfd8 25. Rb6 a5 26.
Ra6 Rc5 27. Nd4 e5 28. Nc6 Rd7 29. Nxa5 Kg7 30. Nb3 Rc4 31. Kf1 f5 32. Ke2 e4 33. Ke3 Kf6 34. Nd5+ Ke5 35. Nb6 f4+ 36. Ke2 Rc2+ 37. Kd1 Rxf2 38. Nxd7+ Kf5 39. Ndc5 e3 40. d7 Rxg2 41. d8=Q f3 42. Qf6# 1-0

[Event "Early-Titled-Tuesday-Blitz-December-26-2023"]
[Site "Chess.com"]
[Date "2023.12.26"]
[Round "5"]
[White "Road2GM3000"]
[Black "Witik"]
[Result "0-1"]
[WhiteElo "2501"]
[BlackElo "2736"]
[TimeControl "180+1"]
[EndTime "8:55:08 PST"]
[Termination "Witik won by resignation"]

1. d4 Nf6 2. c4 e6 3. Nc3 Bb4 4. Nf3 c5 5. g3 O-O 6. Bg2 cxd4 7. Nxd4 d5 8. cxd5 Nxd5 9. Bd2 Bxc3 10. bxc3 e5 11.
Nb3 Nb6 12. O-O Qc7 13. Qc2 Be6 14. Rac1 Nc4 15. Rfd1 Nd7 16. Be1 Rac8 17. Nd2 Ndb6 18. Nf3 h6 19. Qe4 Rfd8 20. Nd2 Nb2 21. Qxb7 Nxd1 22.
Rxd1 Qxb7 23. Bxb7 Rxc3 24. Ra1 Ra3 25. Ne4 Rxa2 26.
Rxa2 Bxa2 27. Bc3 Rd1+ 28. Kg2 Bd5 29. Bxd5 Rxd5 30. Kf3 Nc4 31. e3 a5 32. Ke2 a4 33.
Bb4 a3 34. Nc3 Rd2+ 35. Kf3 a2 0-1

[Event "Early-Titled-Tuesday-Blitz-December-26-2023"]
[Site "Chess.com"]
[Date "2023.12.26"]
[Round "5"]
[White "slorovel"]
[Black "DvaHrasta"]
[Result "0-1"]
[WhiteElo "2622"]
[BlackElo "2473"]
[TimeControl "180+1"]
[EndTime "8:55:08 PST"]
[Termination "DvaHrasta won by resignation"]

1. e4 c6 2. d4 d5 3. Nc3 dxe4 4. Nxe4 Nf6 5. Qd3 Nxe4 6. Qxe4 Nd7 7. Nf3 Nf6 8. Qd3 g6 9. Bd2 Bg7 10. c4 O-O 11.
Qb3 Ne4 12. Be3 Qa5+ 13. Nd2 Bxd4 14. f3 Bxe3 15. Qxe3 Nxd2 16. Qxd2 Qe5+ 17. Qe2 Qf6 18. h4 h5 19. O-O-O Be6 20. Qc2 b5 21. Kb1 Rab8 22. cxb5 cxb5 23. b3 a5 24. Qb2 Qf5+ 25. Bd3 Qf4 26. Bc2 a4 27. Rd4 Qg3 28. Be4 Rfc8 29. Rhd1 axb3 30. axb3 b4 31. Bb7 Bf5+ 32. Ka1 Ra8+ 33.
Bxa8 Rxa8+ 34. Qa2 Rxa2+ 35. Kxa2 Qxg2+ 36. R1d2 Qxf3 37. Rxb4 e5 38. Rb5 e4 39. Re5 e3 40. Rb2 Bg4 41.
b4 e2 42. b5 Be6+ 43. Ka1 Qa3+ 44. Kb1 Bf5+ 45. Rxf5 gxf5 46. Rxe2 Qd3+ 0-1

[Event "Early-Titled-Tuesday-Blitz-December-26-2023"]
[Site "Chess.com"]
[Date "2023.12.26"]
[Round "5"]
[White "Kimster98"]
[Black "Schachmalanders"]
[Result "1-0"]
[WhiteElo "2627"]
[BlackElo "2405"]
[TimeControl "180+1"]
[EndTime "8:55:09 PST"]
[Termination "Kimster98 won by resignation"]

1. e4 c5 2. Nf3 Nf6 3. Nc3 d5 4. exd5 Nxd5 5. Bb5+ Bd7 6. Ne5 Bxb5 7. Qf3 f6 8. Nxb5 fxe5 9. Qxd5 Qxd5 10. Nc7+ Kd7 11. Nxd5 Nc6 12. O-O e6 13. Ne3 Bd6 14. d3 Rhf8 15. Bd2 b5 16. Rae1 h5 17. f3 Nd4 18.
Bc3 a5 19. Rf2 a4 20. Nf1 Rac8 21. Ng3 g6 22. Ne4 b4 23. Bxd4 cxd4 24. b3 axb3 25. axb3 Ra8 26. Nd2 Be7 27. Nc4 Bd6 28. Rfe2 Rf5 29. Kf2 Ra2 30. Rc1 Kc6 31. Ree1 Kd5 32. Ke2 Rf8 33. Kd2 g5 34. Ra1 Rfa8 35. Nb6+ Kc6 36.
Nxa8 1-0

[Event "Early-Titled-Tuesday-Blitz-December-26-2023"]
[Site "Chess.com"]
[Date "2023.12.26"]
[Round "5"]
[White "MIss_MIaMI"]
[Black "tylityli"]
[Result "1-0"]
[WhiteElo "2433"]
[BlackElo "2242"]
[TimeControl "180+1"]
[EndTime "8:55:12 PST"]
[Termination "MIss_MIaMI won on time"]

1. e4 e5 2. Nf3 Nc6 3. d4 exd4 4. c3 Nf6 5. e5 Ne4 6. cxd4 d5 7. a3 a6 8. h3 Be7 9. Bd3 O-O 10. O-O f5 11. Nc3 Be6 12. Ne2 Qd7 13. b4 h6 14. Be3 g5 15. g3 f4 16. gxf4 Bxh3 17. Nh2 g4 18.
Ng3 Bxf1 19. Nhxf1 Nxg3 20. Nxg3 Bh4 21. f5 Bxg3 22.
fxg3 h5 23. f6 Rae8 24. Qf1 Nxe5 25. dxe5 Rxe5 26. Bd4 Ree8 27. Qf4 1-0

[Event "Early-Titled-Tuesday-Blitz-December-26-2023"]
[Site "Chess.com"]
[Date "2023.12.26"]
[Round "5"]
[White "GoValya"]
[Black "nekotyanof"]
[Result "0-1"]
[WhiteElo "2298"]
[BlackElo "2640"]
[TimeControl "180+1"]
[EndTime "8:55:14 PST"]
[Termination "nekotyanof won by resignation"]

1. d4 Nf6 2. c4 e6 3. a3 d5 4. Nf3 Be7 5. e3 O-O 6. Bd3 dxc4 7. Bxc4 c5 8. O-O Nc6 9. Nc3 cxd4 10. exd4 Nd5 11. Bxd5 exd5 12. Qb3 Bf6 13. Be3 Bg4 14.
Qxb7 Na5 15. Qxd5 Qb6 16. Qb5 Qxb5 17. Nxb5 Rab8 18. Nxa7 Rxb2 19. a4 Ra8 20. Nb5 Nc4 21. Bf4 Rb4 22. Rfb1 Raxa4 23. h3 Bxf3 24. gxf3 Rxb1+ 25. Rxb1 g5 26. Bg3 Nd2 27. Rb2 Nxf3+ 28. Kg2 Ne1+ 29.
Kh2 Ra1 30. Re2 Nf3+ 31. Kg2 Nxd4 32. Nxd4 Bxd4 33. Be5 Bxe5 34. Rxe5 h6 35. h4 gxh4 36. Rh5 Kg7 37. Rxh4 Kg6 38. Rg4+ Kf5 39. Rh4 Kg5 40. Rc4 f5 41. Rc8 Ra3 42. Rg8+ Kf4 43. Rh8 Ra6 44. Re8 Rg6+ 45. Kh3 Kf3 46. Rf8 f4 47. Kh4 Rg2 48. Kh5 Rh2+ 49. Kg6 Kg4 50. f3+ Kxf3 51. Kf5 Ra2 52. Ke5 Ra5+ 53. Kd4 Kg3 54. Ke4 Ra4+ 55. Kd3 f3 56. Ke3 Ra3+ 57. Ke4 f2 58. Rg8+ Kh2 59. Rf8 Kg2 60. Rg8+ Rg3 0-1

[Event "Early-Titled-Tuesday-Blitz-December-26-2023"]
[Site "Chess.com"]
[Date "2023.12.26"]
[Round "5"]
[White "MANOJ_MISHRA123"]
[Black "Kaissa10"]
[Result "1-0"]
[WhiteElo "2292"]
[BlackElo "2081"]
[TimeControl "180+1"]
[EndTime "8:55:14 PST"]
[Termination "MANOJ_MISHRA123 won by resignation"]

1. e4 c5 2. b4 cxb4 3. a3 Nc6 4.
axb4 Nxb4 5. c3 Nc6 6. d4 d5 7. e5 g6 8. h4 Bg7 9. h5 Qc7 10. Na3 Bf5 11. g4 Be6 12. h6 Bf8 13. Bd3 Nxe5 14. Nb5 Nxd3+ 15. Qxd3 Qb6 16. Bf4 Rc8 17. Rxa7 Bd7 18. Ra8 Bxb5 19. Rxc8+ Kd7 20. Rc7+ Qxc7 21. Qxb5+ Qc6 22. Qb4 Nf6 23. Nf3 Ne4 24. Ne5+ 1-0

[Event "Early-Titled-Tuesday-Blitz-December-26-2023"]
[Site "Chess.com"]
[Date "2023.12.26"]
[Round "5"]
[White "DeyanKostov"]
[Black "Msb2"]
[Result "0-1"]
[WhiteElo "2486"]
[BlackElo "3000"]
[TimeControl "180+1"]
[EndTime "8:55:20 PST"]
[Termination "Msb2 won by resignation"]

1. d4 d5 2. c4 e6 3. Nc3 Bb4 4. e3 Nf6 5. Bd3 dxc4 6. Bxc4 O-O 7.
Ne2 Be7 8. O-O c5 9. b3 a6 10. Bb2 b5 11. Bd3 Bb7 12. Rc1 Nbd7 13. f3 Qb6 14.
Kh1 Rfd8 15. Qe1 Rac8 16. Qf2 h6 17. Bb1 Nf8 18. Rfd1 Rd7 19. Ne4 Nxe4 20. Bxe4 Bxe4 21. fxe4 Rcd8 22. h3 Qb7 23. Qf3 Ng6 24. Ng3 cxd4 25. exd4 Bf6 26. e5 Qxf3 27. gxf3 Bxe5 28. Ne2 Nf4 29. Nxf4 Bxf4 30. Rc6 Rd6 31. Rxd6 Rxd6 32. Kg2 Rc6 33. Rf1 Rc2+ 34. Rf2 Rxf2+ 35. Kxf2 Kf8 36.
Ke2 f5 37. Ba3+ Ke8 38. Kd3 Kd7 39. Bf8 g6 40. a4 Kc6 41. Bg7 Kd5 42. Bf8 h5 43.
Bg7 Bc7 44. Bf6 Bb6 45. Bg7 g5 46. Bf6 g4 47. fxg4 fxg4 48. hxg4 hxg4 49. Be5 bxa4 50. bxa4 Ba7 51. Ke3 Kc4 52. Kf4 Bxd4 53. Bc7 Kb4 54. a5 Kb5 55. Kxg4 Bc3 56. Kf4 Bxa5 57. Be5 Bd8 58. Ba1 Bc7+ 59. Ke4 Kc4 60. Ke3 a5 61. Kd2 e5 62. Ke3 a4 63. Kd2 e4 64. Kc2 Bb6 65.
Bc3 Bd4 66. Be1 a3 67. Kb1 Kb3 0-1

[Event "Early-Titled-Tuesday-Blitz-December-26-2023"]
[Site "Chess.com"]
[Date "2023.12.26"]
[Round "5"]
[White "LileKoridze"]
[Black "HajiyevKanan"]
[Result "1/2-1/2"]
[WhiteElo "2382"]
[BlackElo "2596"]
[TimeControl "180+1"]
[EndTime "8:55:20 PST"]
[Termination "Game drawn by repetition"]

1. d4 c6 2. c4 d5 3. Nf3 a6 4. e3 Nf6 5. Nc3 Bg4 6. Be2 e6 7. O-O Bd6 8. h3 Bh5 9. Bd3 O-O 10. e4 dxe4 11. Nxe4 Nxe4 12. Bxe4 Nd7 13. b3 e5 14. Bb2 exd4 15. Qxd4 Qf6 16. Qd2 Qf4 17. Rad1 Bxf3 18. Qxf4 Bxf4 19. Bxf3 Ne5 20. Bxe5 Bxe5 21. Rd7 Rab8 22.
Rfd1 Bf6 23. b4 Rfd8 24. b5 Rxd7 25. Rxd7 axb5 26. cxb5 cxb5 27. Rxb7 Rxb7 28. Bxb7 Kf8 29. Bc6 b4 30. Kf1 Bd4 31. Ke2 Ke7 32. f3 f6 33.
Kd3 Bc3 34. Bd5 Kd6 35. Bg8 h6 36. Ke2 Kc5 37. Kf1 Kd4 38. Bf7 Ke3 39. Bg8 g5 40.
Bf7 Kf4 41. Be6 h5 42. Bf7 h4 43. Be6 Ke5 44. Bg8 f5 45. Bh7 Bd2 46. Bg8 Bf4 47.
Bb3 Bg3 48. Bg8 Kf4 49. Bb3 Ke3 50. Be6 Kf4 51. Bb3 Ke5 52. Bg8 Bf4 53. Bb3 Be3 54. Bg8 Bc5 55. Bb3 f4 56. Bg8 Kd4 57. Bb3 Kc3 58. Bg8 Kd2 59. Bb3 Kc3 60. Bg8 Kb2 61. Bb3 Bd4 62. Bg8 Bc5 63. Bb3 Bd4 64. Bg8 Bc5 1/2-1/2

[Event "Early-Titled-Tuesday-Blitz-December-26-2023"]
[Site "Chess.com"]
[Date "2023.12.26"]
[Round "5"]
[White "SHIVACalypso"]
[Black "nindjaxx8"]
[Result "1-0"]
[WhiteElo "2400"]
[BlackElo "2559"]
[TimeControl "180+1"]
[EndTime "8:55:21 PST"]
[Termination "SHIVACalypso won by resignation"]

1. Nf3 d5 2. c4 e6 3. g3 Nf6 4. Bg2 Be7 5. O-O O-O 6. b3 b6 7. Bb2 Bb7 8. e3 dxc4 9. bxc4 c5 10. d4 cxd4 11. exd4 Na6 12. Nbd2 Rc8 13. Qb3 Nc7 14. Rac1 Re8 15. Rfd1 Ne4 16. Nxe4 Bxe4 17. Ne5 Bxg2 18. Kxg2 Bf6 19. Nc6 Qd7 20. d5 Bxb2 21. Qxb2 exd5 22. cxd5 Nxd5 23. Qb5 Red8 24. Rxd5 Qxd5+ 25. Qxd5 Rxd5 26. Ne7+ Kf8 27. Nxc8 Ra5 28. Rc2 Ke8 29.
Nd6+ Ke7 30. Nc4 Ra4 31. Kf3 b5 32. Ne3 Ra3 33. Ke2 a5 34. Kd2 g6 35. Kc1 Rd3 36. Rd2 Rc3+ 37. Kb2 Rc8 38. Rd5 Rb8 39. Kc3 b4+ 40.
Kc4 Rc8+ 41. Rc5 Rd8 42. Nd5+ Ke6 43. Rxa5 Rc8+ 44. Rc5 Ra8 45. Nxb4 Ra3 46. Rc6+ Ke5 47. f4+ Ke4 48. Ra6 Rf3 49. a4 Rf2 50. Rf6 Rxh2 51. Rxf7 Kf3 52. a5 Kxg3 53. a6 Rh1 54. a7 Ra1 55.
Kb5 h5 56. Na6 h4 57. a8=Q h3 58. Rg7 h2 59. Rxg6+ Kxf4 60. Rh6 Kg3 61. Qg8+ Kf3 62. Qf7+ Kg3 63. Qg7+ 1-0

[Event "Early-Titled-Tuesday-Blitz-December-26-2023"]
[Site "Chess.com"]
[Date "2023.12.26"]
[Round "5"]
[White "Pakarma"]
[Black "AlexPapasimakopoulos"]
[Result "0-1"]
[WhiteElo "2456"]
[BlackElo "2635"]
[TimeControl "180+1"]
[EndTime "8:55:23 PST"]
[Termination "AlexPapasimakopoulos won by resignation"]

1. e4 e6 2. d4 d5 3. Nc3 Bb4 4. e5 c5 5. a3 Bxc3+ 6. bxc3 Nc6 7.
Nf3 Qa5 8. Bd2 Bd7 9. a4 Nge7 10. Bd3 c4 11. Bf1 f6 12. exf6 gxf6 13. g3 e5 14. dxe5 fxe5 15. Bg2 O-O-O 16. O-O Bg4 17. Qe1 Bxf3 18.
Bxf3 e4 19. Bg4+ Kb8 20. Rb1 Ne5 21. Bf4 Ng6 22. Qe3 Rhf8 23. Bh5 Nxf4 24. gxf4 Nc6 25. Kh1 Qxa4 26. Rg1 Rd7 27. f5 Qxc2 28. Qc5 Rc8 29. f6 Qxc3 30. f7 Qf6 31. Rg3 Ne5 32. Qb5 Qxf2 33.
Rg8 a6 34. Rxc8+ Kxc8 35. Qb4 Nxf7 36. Qf8+ Kc7 37. Qg7 Qf5 38. Qg3+ Qe5 39. Qh3 Ng5 40. Qh4 Nf3 41. Qh3 Rg7 42. Rd1 c3 43. Bxf3 exf3 44. Qxf3 Qe4 45. Qxe4 dxe4 46. Rc1 Kd6 47. Rxc3 Kd5 48.
Rb3 Kd4 49. h4 e3 50. Rb6 e2 51. Rd6+ Ke5 52. Rd8 e1=Q+ 0-1

[Event "Early-Titled-Tuesday-Blitz-December-26-2023"]
[Site "Chess.com"]
[Date "2023.12.26"]
[Round "5"]
[White "SergioMoralesG"]
[Black "deribas12345"]
[Result "0-1"]
[WhiteElo "2383"]
[BlackElo "2531"]
[TimeControl "180+1"]
[EndTime "8:55:24 PST"]
[Termination "deribas12345 won on time"]

1. d4 Nf6 2. c4 c5 3. d5 b5 4. cxb5 a6 5. bxa6 Bxa6 6. Nc3 d6 7. e4 Bxf1 8. Kxf1 g6 9. Nf3 Qc8 10. h3 Qa6+ 11. Kg1 Bg7 12. Kh2 O-O 13. Re1 Nbd7 14. a4 Rfb8 15. Ra3 Nb6 16. Nd2 Ne8 17. Qc2 Nc7 18. b3 e6 19. dxe6 Nxe6 20. Nf3 Qb7 21. Rd1 Nd4 22. Nxd4 cxd4 23. Nb5 Rc8 24. Qd3 Nd7 25.
Bf4 Nc5 26. Qd2 Nxe4 27. Qe2 Nc3 28. Nxc3 dxc3 29. Rc1 Qb4 0-1

[Event "Early-Titled-Tuesday-Blitz-December-26-2023"]
[Site "Chess.com"]
[Date "2023.12.26"]
[Round "5"]
[White "Kacparov"]
[Black "chito89"]
[Result "1-0"]
[WhiteElo "2961"]
[BlackElo "2837"]
[TimeControl "180+1"]
[EndTime "8:55:26 PST"]
[Termination "Kacparov won by resignation"]

1. e4 Nc6 2. d4 d6 3. Nf3 Nf6 4.
Nc3 g6 5. d5 Nb8 6. a4 Bg7 7.
Bc4 c6 8. h3 O-O 9. O-O a5 10.
Re1 Na6 11. Bf4 Nb4 12. Qd2 Nd7 13. Rad1 Nc5 14. Re2 b6 15. dxc6 Nxc6 16. Qe3 Ba6 17. Bxa6 Nxa6 18. e5 Re8 19. exd6 exd6 20. Qxe8+ Qxe8 21.
Rxe8+ Rxe8 22. Rxd6 Nab4 23. Be3 Bf8 24. Rd2 Bc5 25.
Bxc5 bxc5 26. Kf1 Nd4 27. Nxd4 cxd4 28. Nb5 d3 29. cxd3 Rc8 30. Nc3 Rd8 31. Ke2 Nc6 32.
Nb5 Re8+ 33. Kd1 Nb4 34. d4 Kf8 35. Re2 Rd8 36. Kd2 Rc8 37. g4 Rc2+ 38. Ke3 Nd5+ 39. Kf3 Rc4 40. Ke4 Nf6+ 41. Ke5 Ke7 42. Nc3 Nd7+ 43.
Kd5+ 1-0

[Event "Early-Titled-Tuesday-Blitz-December-26-2023"]
[Site "Chess.com"]
[Date "2023.12.26"]
[Round "5"]
[White "YaWaleriy"]
[Black "Flawless_Fighter"]
[Result "0-1"]
[WhiteElo "2323"]
[BlackElo "2783"]
[TimeControl "180+1"]
[EndTime "8:55:27 PST"]
[Termination "Flawless_Fighter won by resignation"]

1. d4 Nf6 2. Nf3 d5 3. c4 e6 4. Nc3 c5 5. e3 Nc6 6. cxd5 exd5 7. Be2 Bd6 8. O-O O-O 9. dxc5 Bxc5 10. a3 d4 11. Na4 Bd6 12. Nxd4 Bd7 13. Nc3 Rc8 14.
Nxc6 Bxc6 15. Bf3 Be5 16. Bxc6 Rxc6 17. Bd2 Qb6 18. Na4 Qc7 19. Rc1 Bxh2+ 20. Kh1 Be5 21.
Qf3 Rc8 22. Rxc6 Qxc6 23. Qxc6 Rxc6 24. Rc1 Rxc1+ 25. Bxc1 Nd7 26. b3 b5 27. Nb2 Nc5 28. b4 Bxb2 29. Bxb2 Nd3 30. Bd4 Nxf2+ 31. Kg1 Ne4 32.
Bxa7 f6 33. Bd4 Kf7 34. Kf1 Ke6 35. Ke2 Kd5 36. Kd3 Nd6 37. Bb2 h5 38. Bc3 Ne4 39. Bb2 h4 40. Bd4 g5 41. Bb2 f5 42. Bd4 g4 43.
Bb2 h3 44. gxh3 gxh3 0-1

[Event "Early-Titled-Tuesday-Blitz-December-26-2023"]
[Site "Chess.com"]
[Date "2023.12.26"]
[Round "5"]
[White "Statham_l3"]
[Black "Ali_rastbod"]
[Result "0-1"]
[WhiteElo "2563"]
[BlackElo "2725"]
[TimeControl "180+1"]
[EndTime "8:55:28 PST"]
[Termination "Ali_rastbod won by resignation"]

1. e4 c6 2. d4 d5 3. f3 g6 4. Nc3 Bg7 5. Be3 Qb6 6. Qd2 Qxb2 7. Rb1 Qa3 8. h4 h5 9. exd5 Nf6 10. dxc6 bxc6 11.
Bc4 O-O 12. Nge2 Ba6 13. Bxa6 Nxa6 14. O-O Nc7 15. Rb3 Qa6 16. Bh6 Bxh6 17. Qxh6 Ncd5 18. Nf4 Nxf4 19. Qxf4 Rfd8 20. Ne4 Kg7 21. Qe5 Re8 22. Rf2 Rad8 23. c3 Qc8 24. Rfb2 Rd5 25. Qf4 Rf5 26.
Qg3 Qe6 27. Rb7 Nxe4 28. fxe4 Qxe4 29. Rxa7 c5 30. Rbb7 cxd4 31. cxd4 Qxd4+ 32. Kh2 Rf4 33. Kh3 Rg4 34. Qe1 Re4 35. Qg3 Re3 36. Rxe7 Rxg3+ 37.
Kxg3 Rxe7 38. Rxe7 Qd6+ 39. Re5 Qxe5+ 0-1